 Dungeon Sprint DCSS version 0.31-a0-841-g038b102fc3 (webtiles) character file.

Game seed: 6153940331221702681

18725 sircluck the Brawler (level 12, -15/211 HPs)
             Began as a Troll Berserker on Sept 27, 2023.
             Was the Champion of Trog.
             Killed from afar by a titan (39 damage)
             ... with a bolt of lightning
             ... in the Dungeon (Sprint VII: "The Pits").
             The game lasted 00:06:57 (2000 turns).

sircluck the Brawler (Troll Berserker)              Turns: 2000, Time: 00:06:59

Health: -15/211    AC:  6    Str: 32    XL:     12   Next: 30%
Magic:  11/11      EV: 17    Int:  3    God:    Trog [******]
Gold:   54         SH:  0    Dex:  9    Spells: 11/11 levels left

rFire   . .          .
                       - Unarmed
rCold   . . .        (no shield)
rNeg    . . .        o - +0 troll leather armour
rPois   .            (helmet restricted)
rElec   .            (no cloak)
rCorr   .            (gloves unavailable)
SInv    +            (boots unavailable)
Will    .....        t - amulet of faith Stlth
                     l - +3 ring of evasion
HPRegen 2.15/turn    w - ring of see invisible
MPRegen 0.12/turn

%: no teleportation, faith
@: berserking, lethally poisoned (-15 -> -15), very quick
A: large, unfitting armour, claws 3, regeneration 1, shaggy fur 1, tough skin 1
a: Renounce Religion, Berserk, Trog's Hand, Brothers in Arms


You were in the Dungeon.
You worshipped Trog.
Trog was exalted by your worship.
You visited 1 branch You collected 54 gold pieces.

Inventory:

Armour
 a - a +0 animal skin
 o - a +0 troll leather armour (worn)
Jewellery
 l - a +3 ring of evasion (left claw)
 m - a +3 ring of protection
 t - an amulet of faith (around neck)
 u - a ring of positive energy
 w - a ring of see invisible (right claw)
Wands
 h - a wand of polymorph (6)
Scrolls
 g - 3 scrolls of blinking
 j - 2 scrolls of vulnerability
 k - a scroll of summoning
 p - a scroll of fear
 q - 5 scrolls of identify
 r - 4 scrolls of enchant armour
 s - a scroll of immolation
Potions
 b - 7 potions of curing
 c - 14 potions of heal wounds
 d - 2 potions of haste
 e - 4 potions of magic
 f - 5 potions of berserk rage
 i - 2 potions of invisibility
 n - 4 potions of might
 v - 2 potions of enlightenment


   Skills:
 + Level 15.1 Fighting
 + Level 9.6 Armour
 + Level 15.0 Dodging
 + Level 17.6 Unarmed Combat


You had 11 spell levels left.
You didn't know any spells.
Your spell library was empty.

Dungeon Overview and Level Annotations

Branches:
Dungeon (1/1)

Altars:
Ashenzari
Cheibriados
Dithmenos
Elyvilon
Fedhas
Gozag
Hepliaklqana
Kikubaaqudgha
Makhleb
Nemelex Xobeh
Okawaru
Qazlal
Ru
Sif Muna
Trog
Uskayaw
Vehumet
Wu Jian
Xom
Yredelemnul
Zin
The Shining One
Jiyva
Lugonu


Innate Abilities, Weirdness & Mutations

You are too large for most types of armour.
You have claws for hands.
Your natural rate of healing is unusually fast.
You are covered in fur. (AC +1)
You have tough skin. (AC +1)


Message History

You eviscerate the rime drake!!!
You kill the rime drake!
Trog accepts your kill.
You feel sick.
You hear a shout!
The shadow closely misses you.
You hear a bellow!
Your Dodging skill increases to level 15!
You barely miss the shadow. Your claw misses the shadow.
You feel sick.
You scratch the shadow.
The shadow is lightly damaged.
You feel sick.
You scratch the shadow.
The shadow is moderately damaged.
The ice encasing you melts away.
You feel sick. The shadow closely misses you.
You closely miss the shadow. Your claw misses the shadow.
The shadow is moderately damaged.
You feel sick.
You mangle the shadow!!
You feel the power of Trog in you as your rage grows.
You destroy the shadow!
Trog accepts your kill.
You feel sick.
A titan comes into view.
The orc warrior barely misses you.
You eviscerate the orc warrior!!!
You kill the orc warrior!
Trog accepts your kill.
You feel sick.
You feel sick.
You eviscerate the titan!!!
The titan is heavily wounded.
You hear a bellow! x2; You hear a roar!
You hear a trumpeting!
You claw the titan! x2
The titan is severely wounded.
You feel sick.
The titan gestures at you while chanting.
The bolt of lightning hits you!!!
You die...

#....................''
#..################..## #..# #o#
#..## #..# #k# #..## #..# #p#
#..## #..# #e# #..# #..##.# #..#
#..#'##############..#
###########...)C@..............#
________.##...†)...............#
________.###########++##########
______...###########++##########
########'##................##..#
?(.')))'.##......#..#......##..#
########.##................''..#
..........'................''..##
#####'#####......#..#......##..).


You could see a titan.

Vanquished Creatures
  A white draconian (D)
  A catoblepas (D)
  A death knight (D)
  An anaconda (D)
  A merfolk avatar (D)
  2 demonic crawlers (D)
  A deep troll (D)
  2 sea snakes (D)
  A spriggan druid (D)
  2 flayed ghosts (D)
  A deep elf pyromancer (D)
  An orc knight (D)
  An orc sorcerer (D)
  A manticore (D)
  A rust devil (D)
  2 gargoyles (D)
  3 rime drakes (D)
  2 polar bears (D)
  2 guardian mummies (D)
  3 hornets (D)
  A hellwing (D)
  A tarantella (D)
  8 dream sheep (D)
  2 snapping turtles (D)
  A large abomination (D)
  A jumping spider (D)
  2 spriggans (D)
  A ynoxinul (D)
  A shadow (D)
  2 fire bats (D)
  2 wyverns (D)
  Eustachio (D)
  A redback (D)
  A warg (D)
  A floating eye (D)
  A small abomination (D)
  4 orc warriors (D)
  A swamp drake (D)
  An ice beast (D)
  A wolf (D)
  An ogre (D)
  2 gnoll sergeants (D)
  2 orc priests (D)
  An iron imp (D)
  A jelly (D)
  2 iguanas (D)
  3 orc wizards (D)
  7 gnolls (D)
  2 river rats (D)
  An ufetubus (D)
  5 orcs (D)
  2 bat skeletons (D)
  An endoplasm (D)
  2 jackals (D)
  A quokka (D)
  3 ball pythons (D)
  A kobold (D)
  A rat (D)
102 creatures vanquished.

Vanquished Creatures (collateral kills)
  5 dream sheep (D)
  A small abomination (D)
  A jackal skeleton (D)
7 creatures vanquished.

Grand Total: 109 creatures vanquished

Notes
Turn   | Place    | Note
-------+----------+-------------------------------------------
     0 | D        | sircluck the Troll Berserker began the quest for the Orb.
     0 | D        | Reached XP level 1. HP: 22/22 MP: 0/0
    24 | D        | Noticed a guardian mummy
    46 | D        | Killed a guardian mummy
    47 | D        | Reached skill level 7 in Unarmed Combat
    47 | D        | Reached XP level 2. HP: 36/36 MP: 1/1
    47 | D        | Reached XP level 3. HP: 44/44 MP: 2/2
    47 | D        | Reached XP level 4. HP: 52/52 MP: 3/3
    47 | D        | Reached XP level 5. HP: 59/59 MP: 4/4
    95 | D        | Noticed Eustachio
   107 | D        | Killed Eustachio
   108 | D        | Reached skill level 8 in Unarmed Combat
   108 | D        | Reached XP level 6. HP: 71/71 MP: 5/5
   178 | D        | Noticed a gargoyle
   185 | D        | Killed a gargoyle
   185 | D        | Reached ** piety under Trog
   186 | D        | Reached skill level 9 in Unarmed Combat
   186 | D        | Reached XP level 7. HP: 80/80 MP: 6/6
   226 | D        | Noticed a rime drake
   227 | D        | Noticed a manticore
   235 | D        | Killed a rime drake
   236 | D        | Reached skill level 10 in Unarmed Combat
   237 | D        | HP: 3/81 [manticore (9)]
   239 | D        | Killed a manticore
   240 | D        | Reached skill level 11 in Unarmed Combat
   240 | D        | Reached XP level 8. HP: 5/92 MP: 7/7
   352 | D        | Reached *** piety under Trog
   359 | D        | Found a bloodstained altar of Trog.
   359 | D        | Found a shimmering blue altar of Sif Muna.
   359 | D        | Found a viscous altar of Jiyva.
   359 | D        | Found a hazy altar of Hepliaklqana.
   359 | D        | Found an opulent altar of Gozag.
   360 | D        | Found a glowing golden altar of the Shining One.
   360 | D        | Found a glowing silver altar of Zin.
   360 | D        | Found a basalt altar of Yredelemnul.
   360 | D        | Found a shimmering altar of Xom.
   360 | D        | Found an ornate altar of the Wu Jian Council.
   360 | D        | Found a sacrificial altar of Ru.
   360 | D        | Found a stormy altar of Qazlal.
   360 | D        | Found an iron altar of Okawaru.
   360 | D        | Found a sparkling altar of Nemelex Xobeh.
   360 | D        | Found a burning altar of Makhleb.
   360 | D        | Found a blossoming altar of Fedhas.
   360 | D        | Found a white marble altar of Elyvilon.
   360 | D        | Found a shadowy altar of Dithmenos.
   360 | D        | Found a snail-covered altar of Cheibriados.
   363 | D        | Found a corrupted altar of Lugonu.
   363 | D        | Found a radiant altar of Vehumet.
   364 | D        | Found an ancient bone altar of Kikubaaqudgha.
   364 | D        | Found a hide-covered altar of Uskayaw.
   364 | D        | Found a broken altar of Ashenzari.
   416 | D        | Reached **** piety under Trog
   434 | D        | Reached ***** piety under Trog
   506 | D        | Reached skill level 10 in Fighting
   509 | D        | Received a gift from Trog
   515 | D        | Reached skill level 10 in Dodging
   544 | D        | Reached skill level 12 in Unarmed Combat
   544 | D        | Reached XP level 9. HP: 43/102 MP: 8/8
   547 | D        | Received a gift from Trog
   709 | D        | Noticed a guardian mummy
   723 | D        | Paralysed by a hornet for 1 turns
   724 | D        | Received a gift from Trog
   726 | D        | Killed a guardian mummy
   726 | D        | Reached ****** piety under Trog
   727 | D        | Reached skill level 13 in Unarmed Combat
   841 | D        | Noticed a demonic crawler
   841 | D        | Noticed a deep troll
   847 | D        | Killed a deep troll
   852 | D        | Killed a demonic crawler
   853 | D        | Reached XP level 10. HP: 115/115 MP: 9/9
  1006 | D        | Received a gift from Trog
  1007 | D        | Reached skill level 14 in Unarmed Combat
  1017 | D        | Noticed a catoblepas
  1026 | D        | Noticed an orc sorcerer
  1029 | D        | Noticed an orange demon
  1034 | D        | Noticed a soul eater
  1042 | D        | Killed a catoblepas
  1053 | D        | Killed an orc sorcerer
  1102 | D        | Noticed a white draconian
  1118 | D        | Killed a white draconian
  1122 | D        | Received a gift from Trog
  1123 | D        | Reached skill level 15 in Unarmed Combat
  1129 | D        | Reached skill level 5 in Armour
  1148 | D        | Received a gift from Trog
  1151 | D        | Noticed a merfolk avatar
  1158 | D        | Killed a merfolk avatar
  1159 | D        | Reached XP level 11. HP: 86/127 MP: 10/10
  1296 | D        | Received a gift from Trog
  1377 | D        | Noticed a flayed ghost
  1378 | D        | Noticed a demonic crawler
  1383 | D        | Killed a flayed ghost
  1383 | D        | Noticed a sea snake
  1388 | D        | Killed a demonic crawler
  1388 | D        | Received a gift from Trog
  1390 | D        | Reached skill level 16 in Unarmed Combat
  1395 | D        | Killed a sea snake
  1400 | D        | Received a gift from Trog
  1465 | D        | Noticed a spriggan rider
  1619 | D        | Noticed a flayed ghost
  1624 | D        | Received a gift from Trog
  1634 | D        | Killed a flayed ghost
  1640 | D        | Received a gift from Trog
  1690 | D        | Noticed a spriggan druid
  1701 | D        | Killed a spriggan druid
  1739 | D        | Noticed a sea snake
  1742 | D        | Received a gift from Trog
  1749 | D        | Killed a sea snake
  1750 | D        | Reached skill level 17 in Unarmed Combat
  1750 | D        | Reached XP level 12. HP: 112/140 MP: 11/11
  1810 | D        | Received a gift from Trog
  1967 | D        | Noticed a death knight
  1967 | D        | Noticed an anaconda
  1981 | D        | Killed an anaconda
  1987 | D        | Reached skill level 15 in Fighting
  1990 | D        | Killed a death knight
  1990 | D        | Received a gift from Trog
  1992 | D        | Reached skill level 15 in Dodging
  1996 | D        | Noticed a titan
  2000 | D        | Killed from afar by a titan

Illustrated notes

Levels and vault maps discovered:
D:        pitsprint [storerooms_1, entrance_room_1, metal_vault_6, armoury_2,
          mini_pit_1, grid_room_1, main_hall_1, silver_pit, the_coven_2,
          the_vestibule_1, steel_vault_1, golden_pit, hallway_of_sentries,
          crystal_vault_6, iron_vault_3, final_vault]

Skill      XL: |  1  2  3  4  5  6  7  8  9 10 11 12 |
---------------+-------------------------------------+-----
Fighting       | 6 7 8 9 10 11 13 14 15 | 15.1
Dodging        | 6 8 9 10 11 13 14 15 | 15.0
Unarmed Combat | 7 8 9 11 12 13 15 17 | 17.6
Armour         | 5 8 9 |  9.6

Action                     |  1- 3 |  4- 6 |  7- 9 | 10-12 || total
---------------------------+-------+-------+-------+-------++-------
  Melee: Unarmed           |     4 |    10 |   103 |   187 ||   304
         Punch             |       |     1 |     6 |    13 ||    20
 Invoke: Berserk           |     1 |     2 |     1 |     4 ||     8
         Brothers in Arms  |       |       |       |     2 ||     2
   Stab: Confused          |       |       |       |     1 ||     1
 Armour: Animal skin       |     2 |     3 |    84 |       ||    89
         Troll leather arm |       |       |       |   138 ||   138
  Dodge: Dodged            |       |     4 |    72 |   118 ||   194

Table legend: (Time is in decaauts)
 A = Elapsed time spent in this place.
 B = Non-inter-level travel time spent in this place.
 C = Inter-level travel time spent in this place.
 D = Time resting spent in this place.
 E = Time spent auto-exploring this place.
 F = Levels seen in this place.
 G = Mean time per level.
                   A        B        C        D        E       F      G
               +--------+--------+--------+--------+--------+-----+--------+
         Total |   1973 |   1852 |    121 |    812 |    118 |   1 | 1973.0 |
       Dungeon |   1973 |   1852 |    121 |    812 |    118 |   1 | 1973.0 |
               +--------+--------+--------+--------+--------+-----+--------+

Top non-repeatable levels by time:
       D: 1973 daAuts
